 Dungeon Crawl Stone Soup version 0.30-a0-778-g2ef04afb54 (webtiles) character file.

Game seed: 10414224609880126521

14 sircluck the Shooter (level 2, 0/17 HPs)
             Began as a Kobold Hunter on Feb 15, 2023.
             Slain by a goblin
             ... wielding a +0 club
              (3 damage)
             ... on level 1 of the Dungeon.
             The game lasted 00:00:35 (688 turns).

sircluck the Shooter (Kobold Hunter)                 Turns: 688, Time: 00:00:35

Health: 0/17       AC:  3    Str:  8    XL:     2   Next: 60%
Magic:  2/2        EV: 15    Int: 10    God:
Gold:   27         SH:  0    Dex: 18    Spells: 1/1 levels left

rFire   . . .      SeeInvis .    a - +0 shortbow
rCold   . . .      Faith    .    (shield currently unavailable)
rNeg    . . .      Spirit   .    c - +0 leather armour
rPois   .          Reflect  .    (no helmet)
rElec   .          Harm     .    (no cloak)
rCorr   .          Rampage  .    (no gloves)
Will    .....                    (no boots)
Stlth   +++                      (no amulet)
HPRegen 0.22/turn                (no ring)
MPRegen 0.08/turn                (no ring)

@: no status effects
A: small, no large weapons, nightstalker 3
a: no special abilities


You were on level 1 of the Dungeon.
You visited 1 branch of the dungeon, and saw 1 of its levels.

You collected 27 gold pieces.

Inventory:

Hand Weapons
 a - a +0 shortbow (weapon)
Armour
 c - a +0 leather armour (worn)
Scrolls
 b - a scroll of immolation
 e - a scroll of vulnerability {unknown}
 f - 2 scrolls of identify {unknown}
Potions
 d - a potion of might {unknown}
 g - a potion of degeneration {unknown}
 h - 3 potions of curing {unknown}


   Skills:
 + Level 2.2 Fighting
 + Level 5.9 Ranged Weapons
 + Level 2.9 Dodging
 + Level 1.3 Stealth


You had one spell level left.
You didn't know any spells.
Your spell library was empty.

Dungeon Overview and Level Annotations

Branches:
Dungeon (1/15)

Altars:


Innate Abilities, Weirdness & Mutations

You are small and have problems with some larger weapons.
You are completely attuned to the shadows.


Message History

The goblin closely misses you. The goblin misses you.
The goblin hits you but does no damage. The goblin hits you but does no damage.
The goblin hits you with a +0 club. The goblin closely misses you.
The goblin hits you with a +0 club. The goblin closely misses you.
The goblin misses you. The goblin hits you but does no damage.
The goblin misses you. The goblin barely misses you.
The goblin completely misses you. The goblin barely misses you.
The goblin completely misses you. The goblin closely misses you.
The goblin barely misses you. The goblin hits you with a +0 club.
The goblin misses you. The goblin barely misses you.
The goblin barely misses you. The goblin hits you with a +0 club.
The goblin hits you but does no damage. The goblin hits you with a +0 club.
The goblin barely misses you. The goblin barely misses you.
The goblin closely misses you. The goblin closely misses you.
The goblin hits you with a +0 club. The goblin closely misses you.
The goblin hits you with a +0 club.
* * * LOW HITPOINT WARNING * * *
The goblin hits you but does no damage. The goblin hits you with a +0 club.
* * * LOW HITPOINT WARNING * * *
The goblin hits you with a +0 club.
* * * LOW HITPOINT WARNING * * *
The goblin misses you. The goblin hits you with a +0 club.
You die...

#.# ..# ### #
# ..# ## ..#
.# #.# .# #g#
.# #@# .# #.#
.# #.# ####
###########.#
...#
#...........#
##.#
#.###########
##.###.#
.......#
#####..##


You could see a goblin.

Vanquished Creatures
  4 endoplasms (D:1)
  A goblin (D:1)
  3 kobolds (D:1)
  A ball python (D:1)
  2 bats (D:1)
  2 frilled lizards (D:1)
13 creatures vanquished.

Notes
Turn   | Place    | Note
-------+----------+-------------------------------------------
     0 | D:1      | sircluck the Kobold Hunter began the quest for the Orb.
     0 | D:1      | Reached XP level 1. HP: 12/12 MP: 1/1
   127 | D:1      | Reached XP level 2. HP: 17/17 MP: 2/2
   551 | D:1      | Found a faded altar of an unknown god.
   688 | D:1      | Slain by a goblin

Illustrated notes

Levels and vault maps discovered:
D:1:      mrwooster_arrival_statue_2, layout_loops_ring,
          shapermc_ecumenical_altar_mp_highgroup, minmay_liquid_box

Action                     || total
---------------------------++-------
   Fire: Shortbow          ||    25
 Armour: Leather armour    ||     5
  Dodge: Dodged            ||    27

Table legend: (Time is in decaauts)
 A = Elapsed time spent in this place.
 B = Non-inter-level travel time spent in this place.
 C = Inter-level travel time spent in this place.
 D = Time resting spent in this place.
 E = Time spent auto-exploring this place.
 F = Levels seen in this place.
 G = Mean time per level.
                   A        B        C        D        E       F      G
               +--------+--------+--------+--------+--------+-----+--------+
         Total |    696 |    696 |      0 |      0 |    577 |   1 |  696.0 |
       Dungeon |    696 |    696 |      0 |      0 |    577 |   1 |  696.0 |
               +--------+--------+--------+--------+--------+-----+--------+

Top non-repeatable levels by time:
     D:1: 696 daAuts
